 Dungeon Crawl Stone Soup version 0.20.1-1-g8b1a95d (webtiles) character file.

15876 vineage the Basher (level 12, -4/75 HPs)
             Began as a Gargoyle Fighter on Sept 21, 2017.
             Was the Champion of Okawaru.
             Slain by Sonja
             ... wielding a +0 dagger of distortion
              (9 damage)
             ... on level 12 of the Dungeon.
             The game lasted 00:24:50 (10911 turns).

vineage the Basher (Gargoyle Fighter)              Turns: 10911, Time: 00:24:51

Health: -4/75      AC: 20    Str: 23    XL:     12   Next: 31%
Magic:  0/12       EV: 12    Int:  9    God:    Okawaru [******]
Gold:   600        SH: 12    Dex: 11    Spells: 11/11 levels left

rFire    + . .     SeeInvis .   F - +1 morningstar (freeze)
rCold    + . .     Gourm    .   c - +0 shield
rNeg     + . .     Faith    .   I - +0 scale mail {rC+}
rPois    ∞         Spirit   +   (helmet restricted)
rElec    +         Reflect  .   (no cloak)
rCorr    .         Harm     .   t - +2 pair of gloves
MR       .....                  (no boots)
Stlth    ..........             y - amulet of guardian spirit
Regen    0.3/turn               (no ring)
MPRegen  0.2/turn               u - ring of protection from fire

@: no status effects
A: horns 1, negative energy resistance 1, sense surroundings 1, electricity
resistance, wild magic 1, unbreathing, petrification resistance, rot immunity,
AC +8
a: Heroism, Finesse, Renounce Religion


You were on level 12 of the Dungeon.
You worshipped Okawaru.
Okawaru was exalted by your worship.
You were not hungry.

You visited 2 branches of the dungeon, and saw 13 of its levels.

You collected 600 gold pieces.

Inventory:

Hand Weapons
 a - a +1 flail
 q - a +1 flail of draining
 F - a +1 morningstar of freezing (weapon)
Missiles
 D - 5 javelins (quivered)
Armour
 b - a +0 scale mail
 c - a +0 shield (worn)
 t - a +2 pair of gloves (worn)
 I - a +0 scale mail of cold resistance (worn)
Jewellery
 s - an uncursed amulet of rage
 u - a ring of protection from fire (right hand)
 y - an amulet of guardian spirit (around neck)
 L - an uncursed amulet of the gourmand {unknown}
Wands
 o - a wand of flame (21/48)
 z - a wand of disintegration (7/24)
 C - a wand of random effects (10/48)
 H - a wand of iceblast (4/15)
Scrolls
 e - 3 scrolls of identify
 i - 6 scrolls of remove curse
 j - 3 scrolls of recharging
 l - a scroll of enchant weapon
 n - a scroll of immolation
 p - 3 scrolls of fog
 w - a scroll of teleportation
 x - 2 scrolls of magic mapping
 A - a scroll of holy word
 E - 2 scrolls of amnesia
 M - a scroll of noise {unknown}
Potions
 k - a potion of resistance {unknown}
 r - a potion of agility
 v - 4 potions of brilliance
 B - 2 potions of ambrosia
 G - 2 potions of haste
Comestibles
 f - 14 bread rations
 g - 4 royal jellies
 h - 8 meat rations


   Skills:
 + Level 8.9 Fighting
 + Level 11.9 Maces & Flails
 + Level 8.2 Armour
 + Level 5.3 Dodging
 + Level 1.7 Stealth
 + Level 11.5 Shields
 + Level 0.2 Invocations


You had 11 spell levels left.
You didn't know any spells.

Dungeon Overview and Level Annotations

Branches:
Dungeon (12/15)            Temple (1/1) D:5            Lair (0/6) D:8
    Orc (0/2) D:12

Altars:
Ashenzari
Cheibriados
Dithmenos
Elyvilon
Fedhas
Gozag
Hepliaklqana
Kikubaaqudgha
Makhleb
Nemelex Xobeh
Okawaru
Qazlal
Ru
Sif Muna
Trog
Uskayaw
Vehumet
Xom
Yredelemnul
Zin
The Shining One
Jiyva

Portals:
Trove: D:11 (give 6 potions of haste)

Annotations:
D:12 Fannar, Sonja


Innate Abilities, Weirdness & Mutations

You are resistant to torment.
Your stone body is resilient. (AC +8)
You are immune to poison.
You resist negative energy. (rN+)
You are resistant to electric shocks. (rElec)
You can survive without breathing.
You are immune to petrification.
You are immune to rotting.
You have a pair of small horns on your head.
You passively map a small area around you.
Your spells are a little harder to cast, but a little more powerful.


Message History

You are too injured to fight recklessly!
You are too injured to fight recklessly!
You are too injured to fight recklessly!
You are too injured to fight recklessly!
You are too injured to fight recklessly!
You are too injured to fight recklessly!
You are too injured to fight recklessly!
You are too injured to fight recklessly!
You are too injured to fight recklessly!
You are too injured to fight recklessly!
You are too injured to fight recklessly!
You miss Sonja. Your headbutt misses Sonja. You block Sonja's attack.
Sonja closely misses you. Sonja hits you but does no damage.
Space warps horribly around you!
* * * LOW HITPOINT WARNING * * *
You completely miss Sonja. Sonja hits you but does no damage.
Space warps horribly around you!
* * * LOW HITPOINT WARNING * * *
Sonja hits you but does no damage. Space warps horribly around you!
You die...

.......,
#)#.#(#####...#........#
...... ,
#.#.#.#......##.........
....#
*#.#.#.#......##........#
....#
#.#.#.#......##.........
....#
#...#.###....#####.#.#..
#####
###..........#####.#>#..
#.........##.....#.#..
##.........##.#####.#.#
#....K@....##.##.##.#.#
#.......[..##....##.#.#
#...................#.#
################.###...
#.###... #.......
####.... * #.... #....


You could see Sonja.

Vanquished Creatures
  Harold (D:11)
  A hydra (D:12)
  3 two-headed ogres
  2 ugly things
  A deep elf mage (D:10)
  The ghost of dvd the Magician, a novice DEFE (D:6)
  3 trolls (D:11)
  A hornet (D:11)
  4 hippogriffs
  A meliai zombie (D:12)
  Sigmund (D:5)
  A wyvern (D:9)
  12 yaks
  2 hungry ghosts
  4 vampire mosquitoes (D:8)
  The ghost of dxctxrx the Firebug, an amateur GrFE of Sif Muna (D:4)
  A water moccasin (D:10)
  An acid dragon (D:12)
  2 hell hounds (D:8)
  3 ice beasts
  7 orc warriors
  8 ogres
  3 black bears
  3 phantoms
  7 centaurs
  Blork the orc (D:5)
  4 bullfrogs
  A water moccasin skeleton (D:7)
  5 scorpions
  9 killer bees
  14 wights
  3 howler monkeys (D:7)
  5 crimson imps
  A quasit (D:7)
  2 centaur zombies
  A bullfrog zombie (D:7)
  5 hounds
  6 jellies
  5 orc priests
  12 orc wizards
  3 bullfrog skeletons
  Terence (D:3)
  3 iguanas
  6 worker ants
  A hound zombie (D:7)
  3 worker ant zombies
  7 adders
  6 gnolls
  9 shadow imps
  An ooze (D:3)
  An adder skeleton (D:4)
  4 worms
  2 dart slugs (D:2)
  4 leopard geckos
  29 orcs
  2 ball pythons (D:1)
  5 giant cockroaches
  5 goblins
  5 hobgoblins
  16 jackals
  10 kobolds
  4 quokkas
  9 bats
  2 frilled lizards
  A leopard gecko skeleton (D:6)
  7 rats
294 creatures vanquished.

Vanquished Creatures (others)
  An orc (D:10)
1 creature vanquished.

Grand Total: 295 creatures vanquished

Notes
Turn   | Place    | Note
-------+----------+-------------------------------------------
     0 | D:1      | vineage the Gargoyle Fighter began the quest for the Orb.
     0 | D:1      | Reached XP level 1. HP: 14/14 MP: 1/1
   439 | D:1      | Reached XP level 2. HP: 17/19 MP: 2/2
  1052 | D:2      | Reached XP level 3. HP: 13/23 MP: 3/3
  1400 | D:2      | Reached XP level 4. HP: 25/28 MP: 4/4
  2064 | D:3      | Reached XP level 5. HP: 27/33 MP: 5/5
  2145 | D:3      | Noticed Terence
  2166 | D:3      | Killed Terence
  2166 | D:3      | Reached skill level 1 in Dodging
  2415 | D:4      | Noticed a hippogriff
  2434 | D:4      | Killed a hippogriff
  2434 | D:4      | Reached XP level 6. HP: 13/38 MP: 1/6
  2655 | D:4      | Noticed dxctxrx's ghost (amateur GrFE)
  2689 | D:4      | Killed dxctxrx's ghost
  2689 | D:4      | Reached skill level 5 in Shields
  2689 | D:4      | Reached XP level 7. HP: 14/43 MP: 2/7
  3358 | D:5      | Entered Level 5 of the Dungeon
  3405 | D:5      | Found a staircase to the Ecumenical Temple.
  3413 | Temple   | Entered the Ecumenical Temple
  3473 | Temple   | Became a worshipper of Warmaster Okawaru
  3597 | D:5      | Reached skill level 5 in Maces & Flails
  3603 | D:5      | Found a glowing silver altar of Zin.
  3619 | D:5      | Found a hazy altar of Hepliaklqana.
  3641 | D:5      | Reached skill level 5 in Armour
  3641 | D:5      | Reached skill level 1 in Stealth
  3654 | D:5      | Noticed Blork the orc
  3678 | D:5      | Killed Blork the orc
  3678 | D:5      | Reached XP level 8. HP: 39/48 MP: 5/8
  3701 | D:5      | Noticed Sigmund
  3725 | D:5      | Killed Sigmund
  3725 | D:5      | Reached * piety under Okawaru
  3876 | D:5      | Found a hide-covered altar of Uskayaw.
  3891 | D:5      | Found a radiant altar of Vehumet.
  3986 | D:5      | Gained mutation: You have a pair of small horns on your head. [potion of mutation]
  3986 | D:5      | Gained mutation: Your spells are a little harder to cast, but a little more powerful. [potion of mutation]
  3986 | D:5      | Gained mutation: You passively map a small area around you. [potion of mutation]
  3992 | D:5      | Reached skill level 5 in Fighting
  4284 | D:6      | Reached ** piety under Okawaru
  4319 | D:6      | Found a deep blue altar of Sif Muna.
  4328 | D:6      | Reached XP level 9. HP: 49/54 MP: 7/9
  4337 | D:6      | Found an opulent altar of Gozag.
  4337 | D:6      | Found a shimmering altar of Xom.
  4368 | D:6      | Noticed dvd's ghost (novice DEFE)
  4389 | D:6      | Killed dvd's ghost
  5115 | D:7      | Reached *** piety under Okawaru
  5361 | D:7      | Reached XP level 10. HP: 57/61 MP: 10/10
  5400 | D:7      | Noticed a two-headed ogre
  5409 | D:7      | Killed a two-headed ogre
  5946 | D:8      | Found a staircase to the Lair.
  6003 | D:8      | Reached **** piety under Okawaru
  6208 | D:8      | Found a white marble altar of Elyvilon.
  6236 | D:8      | Found a viscous altar of Jiyva.
  6853 | D:9      | Reached ***** piety under Okawaru
  7008 | D:9      | Noticed a two-headed ogre
  7029 | D:9      | Killed a two-headed ogre
  7029 | D:9      | Reached skill level 10 in Maces & Flails
  7029 | D:9      | Reached XP level 11. HP: 60/67 MP: 9/11
  7586 | D:9      | Reached skill level 10 in Shields
  7814 | D:10     | Entered Level 10 of the Dungeon
  7844 | D:10     | Received a gift from Okawaru
  7969 | D:10     | Noticed a deep elf mage
  8051 | D:10     | Killed a deep elf mage
  8925 | D:11     | Noticed a purple ugly thing
  8937 | D:11     | Killed a purple ugly thing
  9300 | D:11     | Found a portal to a secret trove of treasure.
  9334 | D:12     | Noticed a two-headed ogre
  9335 | D:12     | Noticed Harold
  9350 | D:11     | Killed Harold
  9350 | D:11     | Reached ****** piety under Okawaru
  9350 | D:11     | Received a gift from Okawaru
  9583 | D:11     | Killed a two-headed ogre
  9583 | D:11     | Reached skill level 5 in Dodging
  9793 | D:12     | Reached XP level 12. HP: 75/75 MP: 12/12
  9806 | D:12     | Noticed Sonja
  9821 | D:12     | Found a staircase to the Orcish Mines.
 10215 | D:12     | Noticed a seven-headed hydra
 10219 | D:12     | Noticed Fannar
 10364 | D:12     | Received a gift from Okawaru
 10453 | D:12     | Killed a seven-headed hydra
 10911 | D:12     | Slain by Sonja

Skill      XL: |  1  2  3  4  5  6  7  8  9 10 11 12 |
---------------+-------------------------------------+-----
Armour         | 4 5 6 7 8 |  8.2
Maces & Flails | 3 4 5 6 8 10 11 | 11.9
Shields        | 4 5 6 7 8 9 11 | 11.5
Dodging        | 1 2 3 4 5 |  5.3
Fighting       | 4 5 6 7 8 |  8.9
Stealth        | 1 |  1.7
Invocations    | |  0.2

Action                   |  1- 3 |  4- 6 |  7- 9 | 10-12 || total
-------------------------+-------+-------+-------+-------++-------
Melee: Flail             |   149 |   213 |   417 |   318 ||  1097
       Headbutt          |       |       |    55 |   136 ||   191
       Morningstar       |       |       |       |   447 ||   447
Invok: Heroism           |       |       |       |     2 ||     2
  Use: Scroll            |     4 |     5 |     3 |    15 ||    27
       Potion            |       |     4 |     8 |     5 ||    17
  Eat: Chunk             |     1 |     5 |    10 |    13 ||    29
       Fruit             |       |       |       |     6 ||     6
       Meat ration       |       |       |       |     3 ||     3
Armor: Scale mail        |   112 |   137 |   219 |   376 ||   844
       Skin              |       |       |    38 |       ||    38
Dodge: Dodged            |    69 |   109 |   199 |   309 ||   686
Block: Shield            |    89 |   160 |   321 |   486 ||  1056
